ITL
TUSCALOOSA TROUT SLAYERS @ BLUEVILLE 83'S
06/16/2028
 
TOP OF THE 1ST
Tuscaloosa Trout Slayers batting - Pitching for Blueville 83's : LHP Jason Simpson
Pitching: LHP Jason Simpson
Batting: RHB Alfredo Díaz 0-0: Ball
1-0: Called Strike
1-1: Called Strike
1-2: Foul Ball, location: 2F
1-2: Strikes out swinging
Batting: RHB Shigemasa Ishida 0-0: Ball
1-0: Ball
2-0: Ball
3-0: Base on Balls
Batting: LHB Marcos Villarreal 0-0: Ball
1-0: Foul Ball, location: 2F
1-1: Fly out, F7 (Flyball, 7S)
Batting: LHB Ed Hart 0-0: Swinging Strike
0-1: Swinging Strike
Passed Ball!
Shigemasa Ishida to second
0-2: Foul Ball, location: 2F
0-2: Strikes out swinging
Top of the 1st over - 0 run(s), 0 hit(s), 0 error(s), 1 left on base; Tuscaloosa 0 - Blueville 0
BOTTOM OF THE 1ST
Blueville 83's batting - Pitching for Tuscaloosa Trout Slayers : RHP Chris Chamberlain
Pitching: RHP Chris Chamberlain
Batting: SHB Bob Noble 0-0: Called Strike
0-1: Ball
1-1: Ball
2-1: Ground out U3 (Groundball, 3)
Batting: RHB Matt Perkins 0-0: Ball
1-0: Called Strike
1-1: Ball
2-1: Ground out 5-3 (Groundball, 56)
Batting: RHB Tae-kwon Kwon 0-0: Called Strike
0-1: Swinging Strike
0-2: SINGLE (Line Drive, 3D)
Batting: LHB António Glaviz 0-0: Ball
Pickoff Throw to First - Out!
Bottom of the 1st over - 0 run(s), 1 hit(s), 0 error(s), 0 left on base; Tuscaloosa 0 - Blueville 0
TOP OF THE 2ND
Tuscaloosa Trout Slayers batting - Pitching for Blueville 83's : LHP Jason Simpson
Batting: RHB César Reyes 0-0: Ball
1-0: Called Strike
1-1: Swinging Strike
1-2: Strikes out looking
Batting: RHB Lowie van den Bogaert 0-0: Ball
1-0: Ball
2-0: SINGLE (Line Drive, 8LS)
Batting: RHB Claudio Gonzáles 0-0: Swinging Strike
0-1: SINGLE (Groundball, 34D)
Lowie van den Bogaert to second
Runner from 2nd tries for 3rd, SAFE, throw made to third
Batting: RHB Jason Saunders 0-0: Fielders Choice at 2nd, 5-4 (Groundball, 56)
Lowie van den Bogaert scores
Batting: RHB Tetsunori Ito 0-0: Called Strike
0-1: Ball
Wild Pitch!
Jason Saunders to second
1-1: Called Strike
1-2: Foul Ball, location: 2F
1-2: Ball
2-2: Ground out U3 (Groundball, 34)
Top of the 2nd over - 1 run(s), 2 hit(s), 0 error(s), 1 left on base; Tuscaloosa 1 - Blueville 0
BOTTOM OF THE 2ND
Blueville 83's batting - Pitching for Tuscaloosa Trout Slayers : RHP Chris Chamberlain
Batting: LHB António Glaviz 0-0: Swinging Strike
0-1: Foul Ball, location: 2F
0-2: Ball
1-2: SOLO HOME RUN (Line Drive, 9D), Distance : 378 ft
Batting: LHB Ricardo Romero 0-0: Ball
1-0: Called Strike
1-1: Foul Ball, location: 2F
1-2: Strikes out looking
Batting: RHB Jimmy Simon 0-0: Ball
1-0: Ball
2-0: Ball
3-0: Called Strike
3-1: Called Strike
3-2: Strikes out swinging
Batting: LHB Ron Robinson 0-0: Ball
1-0: TRIPLE (Line Drive, 7LM)
Batting: LHB Vincente Sáenz 0-0: Ball
1-0: Ball
2-0: Ball
3-0: Called Strike
3-1: Base on Balls
Batting: RHB Felipe Rivera 0-0: Ball
1-0: Swinging Strike
1-1: Ball
2-1: Ball
3-1: Base on Balls
Vincente Sáenz to second
Batting: SHB Bob Noble 0-0: Ball
1-0: Called Strike
1-1: Foul Ball, location: 2F
1-2: Fly out, F8 (Flyball, 8LS)
Bottom of the 2nd over - 1 run(s), 2 hit(s), 0 error(s), 3 left on base; Tuscaloosa 1 - Blueville 1
TOP OF THE 3RD
Tuscaloosa Trout Slayers batting - Pitching for Blueville 83's : LHP Jason Simpson
Batting: RHB Alfredo Díaz 0-0: Called Strike
0-1: Called Strike
0-2: Ground out 6-3 (Groundball, 6)
Batting: RHB Shigemasa Ishida 0-0: Ball
1-0: Ball
2-0: Called Strike
2-1: Ball
3-1: Fly out, F7 (Flyball, 7LS)
Batting: LHB Marcos Villarreal 0-0: Ball
1-0: Called Strike
1-1: Swinging Strike
1-2: Ball
2-2: Ball
3-2: Base on Balls
Batting: LHB Ed Hart 0-0: SINGLE (Flyball, 7S)
Marcos Villarreal to second
Batting: RHB César Reyes 0-0: Called Strike
0-1: Ball
1-1: Swinging Strike
1-2: Strikes out looking
Top of the 3rd over - 0 run(s), 1 hit(s), 0 error(s), 2 left on base; Tuscaloosa 1 - Blueville 1
BOTTOM OF THE 3RD
Blueville 83's batting - Pitching for Tuscaloosa Trout Slayers : RHP Chris Chamberlain
Batting: RHB Matt Perkins 0-0: Called Strike
0-1: Ball
1-1: Foul Ball, location: 2F
1-2: Strikes out swinging
Batting: RHB Tae-kwon Kwon 0-0: Ball
1-0: Ball
2-0: Fly out, F8 (Flyball, 8RD)
Batting: LHB António Glaviz 0-0: SINGLE (Line Drive, 7S)
Batting: LHB Ricardo Romero 0-0: Fly out, F7 (Line Drive, 7)
Bottom of the 3rd over - 0 run(s), 1 hit(s), 0 error(s), 1 left on base; Tuscaloosa 1 - Blueville 1
TOP OF THE 4TH
Tuscaloosa Trout Slayers batting - Pitching for Blueville 83's : LHP Jason Simpson
Batting: RHB Lowie van den Bogaert 0-0: Ball
1-0: Ball
2-0: Ball
3-0: Called Strike
3-1: Foul Ball, location: 2F
3-2: Base on Balls
Batting: RHB Claudio Gonzáles 0-0: SINGLE (Line Drive, 34D)
Lowie van den Bogaert to second
Runner from 2nd tries for 3rd, SAFE, no throw
Batting: RHB Jason Saunders 0-0: Ball
1-0: Called Strike
1-1: Ball
2-1: Ball
3-1: Called Strike
3-2: Base on Balls
Claudio Gonzáles to second
Pitching: RHP Félix Rivera
Batting: RHB Tetsunori Ito 0-0: Ball
1-0: Foul Ball, location: 2F
1-1: Foul Ball, location: 2F
1-2: Foul Ball, location: 2F
1-2: Strikes out looking
Batting: RHB Alfredo Díaz 0-0: Foul Ball, location: 2F
0-1: Ball
1-1: Ball
2-1: Foul Ball, location: 2F
2-2: Fly out, F7 (Flyball, 7)
Runner from 3rd tags up, SCORES, no throw
Batting: RHB Shigemasa Ishida 0-0: SINGLE (Groundball, 56D)
Claudio Gonzáles to third
Jason Saunders to second
Batting: LHB Marcos Villarreal 0-0: Ball
1-0: GRAND SLAM HOME RUN (Flyball, 89XD), Distance : 417 ft
Batting: LHB Ed Hart 0-0: Ground out 1-3 (Groundball, 15)
Top of the 4th over - 5 run(s), 3 hit(s), 0 error(s), 0 left on base; Tuscaloosa 6 - Blueville 1
BOTTOM OF THE 4TH
Blueville 83's batting - Pitching for Tuscaloosa Trout Slayers : RHP Chris Chamberlain
Batting: RHB Jimmy Simon 0-0: SINGLE (Flyball, 8RM)
Batting: LHB Ron Robinson 0-0: SINGLE (Groundball, 6MD)
Jimmy Simon to second
Jimmy Simon to third
Batting: LHB Vincente Sáenz 0-0: Called Strike
0-1: Ball
1-1: Swinging Strike
1-2: Foul Ball, location: 2F
1-2: Strikes out swinging
Batting: RHB Felipe Rivera 0-0: Fielders Choice at 2nd, 1-6 (Groundball, 13)
Batting: SHB Bob Noble 0-0: Ball
1-0: SINGLE (Groundball, 13S) (infield hit)
Jimmy Simon scores
Felipe Rivera to second
Batting: RHB Matt Perkins 0-0: Called Strike
0-1: Ball
1-1: Fly out, F7 (Flyball, 7)
Bottom of the 4th over - 1 run(s), 3 hit(s), 0 error(s), 2 left on base; Tuscaloosa 6 - Blueville 2
TOP OF THE 5TH
Tuscaloosa Trout Slayers batting - Pitching for Blueville 83's : RHP Félix Rivera
Batting: RHB César Reyes 0-0: Foul Ball, location: 2F
0-1: Fly out, F8 (Flyball, 8LS)
Batting: RHB Lowie van den Bogaert 0-0: Ball
1-0: Foul Ball, location: 2F
1-1: Ball
2-1: Called Strike
2-2: Ball
3-2: Base on Balls
Batting: RHB Claudio Gonzáles 0-0: Ball
1-0: Reached on error, E1 (Groundball, P)
Lowie van den Bogaert to second
Batting: RHB Jason Saunders 0-0: Called Strike
0-1: SINGLE (Line Drive, 6)
Lowie van den Bogaert to third
Claudio Gonzáles to second
Batting: RHB Tetsunori Ito 0-0: Called Strike
0-1: Called Strike
0-2: SINGLE (Flyball, 6MD)
Lowie van den Bogaert scores
Claudio Gonzáles to third
Jason Saunders to second
Batting: RHB Alfredo Díaz 0-0: Ball
1-0: Called Strike
1-1: Foul Ball, location: 2F
1-2: Ball
2-2: Ball
3-2: Fly out, F8 (Flyball, 8LXD)
Runner from 3rd tags up, SCORES, no throw
Jason Saunders to third
Batting: RHB Shigemasa Ishida 0-0: Ball
1-0: Foul Ball, location: 2F
Balk!
Jason Saunders scores
Tetsunori Ito to second
1-1: Ball
2-1: Foul Ball, location: 2F
2-2: Strikes out swinging
Top of the 5th over - 3 run(s), 2 hit(s), 1 error(s), 1 left on base; Tuscaloosa 9 - Blueville 2
BOTTOM OF THE 5TH
Blueville 83's batting - Pitching for Tuscaloosa Trout Slayers : RHP Chris Chamberlain
Batting: RHB Tae-kwon Kwon 0-0: Called Strike
0-1: Ball
1-1: Foul Ball, location: 2F
1-2: Foul Ball, location: 2F
1-2: Ground out 4-3 (Groundball, 4MS)
Batting: LHB António Glaviz 0-0: Swinging Strike
0-1: Ball
1-1: Ground out 5-3 (Groundball, 5)
Batting: LHB Ricardo Romero 0-0: Ball
1-0: Ball
2-0: SINGLE (Line Drive, 5D)
Batting: RHB Jimmy Simon 0-0: SINGLE (Line Drive, 78M)
Ricardo Romero to second
Batting: LHB Ron Robinson 0-0: Foul Ball, location: 2F
0-1: Foul Ball, location: 2F
0-2: Foul Ball, location: 2F
0-2: Ball
1-2: Ball
2-2: Foul Ball, location: 2F
2-2: Foul Ball, location: 2F
2-2: Ball
3-2: Ground out 6-3 (Groundball, 6MS)
Bottom of the 5th over - 0 run(s), 2 hit(s), 0 error(s), 2 left on base; Tuscaloosa 9 - Blueville 2
TOP OF THE 6TH
Tuscaloosa Trout Slayers batting - Pitching for Blueville 83's : RHP Félix Rivera
Pitching: RHP Cody White
Batting: LHB Marcos Villarreal 0-0: Called Strike
0-1: DOUBLE (Flyball, 89XD)
Batting: LHB Ed Hart 0-0: DOUBLE (Line Drive, 7LD)
Marcos Villarreal scores
Batting: RHB César Reyes 0-0: Swinging Strike
0-1: Ball
1-1: Swinging Strike
1-2: Ball
2-2: Strikes out swinging
Batting: RHB Lowie van den Bogaert 0-0: Foul Ball, location: 2F
0-1: Fly out, F3 (Line Drive, 3S)
Batting: RHB Claudio Gonzáles 0-0: Foul Ball, location: 2F
0-1: Ball
1-1: Ball
2-1: Foul Ball, location: 2F
2-2: Foul Ball, location: 2F
2-2: Fly out, F7 (Flyball, 78D)
Top of the 6th over - 1 run(s), 2 hit(s), 0 error(s), 1 left on base; Tuscaloosa 10 - Blueville 2
BOTTOM OF THE 6TH
Blueville 83's batting - Pitching for Tuscaloosa Trout Slayers : RHP Chris Chamberlain
Batting: LHB Vincente Sáenz 0-0: Fly out, F5 (Popup, 5D)
Batting: RHB Felipe Rivera 0-0: Ball
1-0: Ball
2-0: Fly out, F9 (Flyball, 9)
Batting: SHB Bob Noble 0-0: Called Strike
0-1: Ball
1-1: Ground out 1-3 (Groundball, 13)
Bottom of the 6th over - 0 run(s), 0 hit(s), 0 error(s), 0 left on base; Tuscaloosa 10 - Blueville 2
TOP OF THE 7TH
Tuscaloosa Trout Slayers batting - Pitching for Blueville 83's : RHP Cody White
Batting: RHB Jason Saunders 0-0: Fly out, F9 (Line Drive, 9)
Batting: RHB Tetsunori Ito 0-0: Ball
1-0: Called Strike
1-1: Ball
2-1: Foul Ball, location: 2F
2-2: Strikes out swinging
Batting: RHB Alfredo Díaz 0-0: Ball
1-0: Ball
2-0: Ball
3-0: Base on Balls
Batting: RHB Shigemasa Ishida 0-0: Called Strike
0-1: Fly out, F8 (Flyball, 8RD)
Top of the 7th over - 0 run(s), 0 hit(s), 0 error(s), 1 left on base; Tuscaloosa 10 - Blueville 2
BOTTOM OF THE 7TH
Blueville 83's batting - Pitching for Tuscaloosa Trout Slayers : RHP Chris Chamberlain
Pitching: RHP Ronald Adams
Batting: RHB Matt Perkins 0-0: Foul Ball, location: 2F
0-1: Foul Ball, location: 2F
0-2: Strikes out swinging
Batting: RHB Tae-kwon Kwon 0-0: Ball
1-0: Foul Ball, location: 2F
1-1: Ball
2-1: Fly out, F9 (Flyball, 9D)
Batting: LHB António Glaviz 0-0: Foul Ball, location: 2F
0-1: Called Strike
0-2: Ball
1-2: Ball
2-2: Ground out 4-3 (Groundball, 34)
Bottom of the 7th over - 0 run(s), 0 hit(s), 0 error(s), 0 left on base; Tuscaloosa 10 - Blueville 2
TOP OF THE 8TH
Tuscaloosa Trout Slayers batting - Pitching for Blueville 83's : RHP Cody White
Batting: LHB Marcos Villarreal 0-0: Ground out 3-1 (Groundball, 34)
Pinch Hitting: RHB Kurt Walter 0-0: DOUBLE (Line Drive, 7LS)
Batting: RHB César Reyes 0-0: Ball
1-0: SINGLE (Groundball, 3D)
Kurt Walter to third
Runner from 3rd tries for Home, SAFE, no throw
Batting: RHB Lowie van den Bogaert 0-0: Foul Ball, location: 2F
0-1: Foul Ball, location: 2F
0-2: Foul Ball, location: 2F
0-2: Fly out, F8 (Flyball, 8LM)
Batting: RHB Claudio Gonzáles 0-0: Ball
1-0: Ball
2-0: Ball
3-0: Called Strike
3-1: Base on Balls
César Reyes to second
Batting: RHB Jason Saunders 0-0: Ball
1-0: Called Strike
1-1: SINGLE (Flyball, 8LS)
César Reyes to third
Claudio Gonzáles to second
Runner from 3rd tries for Home, SAFE, no throw
Pitching: RHP Roberto Ledesma
Batting: RHB Tetsunori Ito 0-0: Ball
1-0: Swinging Strike
1-1: Swinging Strike
1-2: Strikes out swinging
Top of the 8th over - 2 run(s), 3 hit(s), 0 error(s), 2 left on base; Tuscaloosa 12 - Blueville 2
BOTTOM OF THE 8TH
Blueville 83's batting - Pitching for Tuscaloosa Trout Slayers : RHP Ronald Adams
Now in LF: Lynn Ford
Batting: LHB Ricardo Romero 0-0: Called Strike
0-1: Ball
1-1: Called Strike
1-2: Ball
2-2: Foul Ball, location: 2F
2-2: Strikes out looking
Batting: RHB Jimmy Simon 0-0: Called Strike
0-1: Ball
1-1: Ball
2-1: Ball
3-1: Foul Ball, location: 2F
3-2: TRIPLE (Line Drive, 3L)
Batting: LHB Ron Robinson 0-0: Ball
1-0: Foul Ball, location: 2F
1-1: Foul Ball, location: 2F
1-2: Ball
2-2: Fly out, F8 (Flyball, 78M)
Batting: LHB Vincente Sáenz 0-0: Ball
1-0: Ball
2-0: Called Strike
2-1: Foul Ball, location: 2F
2-2: SINGLE (Line Drive, 7S)
Jimmy Simon scores
Batting: RHB Felipe Rivera 0-0: Ball
1-0: Called Strike
1-1: Foul Ball, location: 2F
1-2: 2-RUN HOME RUN (Flyball, 7D), Distance : 375 ft
Pitching: RHP Jesús Ramos
Pinch Hitting: LHB Jacob Wright 0-0: Ball
1-0: Called Strike
1-1: Ball
2-1: Foul Ball, location: 2F
2-2: SINGLE (Groundball, 3D)
Batting: RHB Matt Perkins 0-0: Ball
1-0: Called Strike
1-1: Ball
2-1: Called Strike
2-2: Ball
3-2: SINGLE (Groundball, 4MD)
Jacob Wright to second
Jacob Wright to third
Batting: RHB Tae-kwon Kwon 0-0: Ball
1-0: Swinging Strike
1-1: Foul Ball, location: 2F
1-2: Ground out 6-3 (Groundball, 6S)
Bottom of the 8th over - 3 run(s), 5 hit(s), 0 error(s), 2 left on base; Tuscaloosa 12 - Blueville 5
TOP OF THE 9TH
Tuscaloosa Trout Slayers batting - Pitching for Blueville 83's : RHP Roberto Ledesma
Now at 2B: Carlos Carrillo
Batting: RHB Alfredo Díaz 0-0: Called Strike
0-1: Swinging Strike
0-2: Foul Ball, location: 2F
0-2: Strikes out looking
Batting: RHB Shigemasa Ishida 0-0: Ball
1-0: SINGLE (Groundball, 4D)
Batting: LHB Marcos Villarreal 0-0: Called Strike
0-1: Grounds into double play, 4-6-3 (Groundball, 4)
Top of the 9th over - 0 run(s), 1 hit(s), 0 error(s), 0 left on base; Tuscaloosa 12 - Blueville 5
BOTTOM OF THE 9TH
Blueville 83's batting - Pitching for Tuscaloosa Trout Slayers : RHP Jesús Ramos
Batting: LHB António Glaviz 0-0: Fly out, F4 (Popup, 4M)
Batting: LHB Ricardo Romero 0-0: Called Strike
0-1: Ball
1-1: Ball
2-1: Foul Ball, location: 2F
2-2: Foul Ball, location: 2F
2-2: Strikes out swinging
Batting: RHB Jimmy Simon 0-0: Ball
1-0: Ground out 1-3 (Groundball, 13)
Bottom of the 9th over - 0 run(s), 0 hit(s), 0 error(s), 0 left on base; Tuscaloosa 12 - Blueville 5
Tuesday, August 8th, 2017 - OOTP Baseball 17.12 Build 75